AoeStats
← disgruntledDutch

Nomad

510207769Analyzed
2v2 RM · 2d ago on Sep 30, 2026· 30m 38s· 4 players
Game mode
Random Map
Map size
176×176
Population
200
Speed
Normal
Resources
Standard
Victory
Conquest
Starting age
Dark Age
Ending age
Imperial Age
RankedLock teamsTeams togetherTeam positionsShared explorationLock speedFull tech treeHidden civsTurbo modeCheats
Victory
Defeat
🇺🇸 Huns · United States
1053
+15
🇺🇸 Mongols · United States
1049
+15
🇩🇪 Varangians · Germany
1033
-15
🇧🇷 Bulgarians · Brazil
1033
-15
leon36
4:17 Loom
14:54 Feudal Age
19:43 Castle Age
17:39 Gold Mining
19:52 Fletching
28:16 Double-Bit Axe
28:14 Horse Collar
ramadan.paro
12:56 Loom
15:56 Feudal Age
18:11 Double-Bit Axe
23:04 Castle Age
21:00 Stone Mining
21:03 Gold Mining
21:42 Fishing Lines
24:34 Fletching
24:45 Scale Mail Armor
26:44 Pikeman
28:06 Forging
27:51 Bodkin Arrow
30:39 Squires
AmateurHour
7:05 Loom
14:57 Feudal Age
15:44 Double-Bit Axe
16:31 Fishing Lines
19:02 Bloodlines
18:59 Scale Barding Armor
19:50 Forging
21:24 Wheelbarrow
22:24 Horse Collar
26:04 Castle Age
26:37 Gold Mining
27:09 Chain Barding Armor
27:24 Iron Casting
26:58 Husbandry
26:22 Light Cavalry
27:45 Bow Saw
27:38 Heavy Plow
27:30 Gillnets
28:45 Gold Shaft Mining
28:48 Hand Cart
disgruntledDutch
10:43 Loom
13:47 Feudal Age
14:54 Double-Bit Axe
17:27 Fishing Lines
17:44 Gold Mining
18:19 Scale Barding Armor
18:52 Forging
21:42 Castle Age
22:18 Bloodlines
22:00 Stone Mining
24:40 Gold Shaft Mining
24:28 Fletching
25:14 Bow Saw
27:11 Padded Archer Armor
27:54 Marauders
28:24 Thumb Ring
29:00 Gillnets
30:44 Bodkin Arrow
Connection lost

Rejoining the realm…

Still unreachable

The connection could not be restored.

Session expired

The server has moved on; the page needs a fresh start.